[Event "Late-Titled-Tuesday-Blitz-February-13-2024"]
[Site "Chess.com"]
[Date "2024.02.13"]
[Round "8"]
[White "MikaelyanArman"]
[Black "FairChess_on_YouTube"]
[Result "0-1"]
[WhiteElo "2813"]
[BlackElo "3074"]
[TimeControl "180+1"]
[EndTime "15:27:18 PST"]
[Termination "FairChess_on_YouTube won by resignation"]

1. d4 Nf6 2. c4 e6 3. Nf3 b6 4. g3 Bb7 5. Bg2 g6 6. O-O Bg7 7. Nc3 Ne4 8. Nxe4 Bxe4 9. Bg5 f6 10.
Be3 O-O 11. Ne1 Bxg2 12. Nxg2 f5 13. h4 Nc6 14. Nf4 Qe7 15. Qd2 Qf7 16. Rab1 Rae8 17. Rbc1 Nxd4 18. Bxd4 Bxd4 19. Qxd4 e5 20. Qd2 exf4 21.
Qxf4 Rxe2 22. Qxc7 f4 23. Rcd1 fxg3 24. Rxd7 gxf2+ 25. Kh2 Qf6 26. Qg3 Rxb2 27. Rxa7 Rc2 28. Rc7 Rc1 29.
Rxc1 f1=Q 30. Rxf1 Qxf1 31. Qg4 Rf2+ 0-1

[Event "Late-Titled-Tuesday-Blitz-February-13-2024"]
[Site "Chess.com"]
[Date "2024.02.13"]
[Round "8"]
[White "kikoveiga"]
[Black "GianmarcoVaR"]
[Result "0-1"]
[WhiteElo "2534"]
[BlackElo "2731"]
[TimeControl "180+1"]
[EndTime "15:27:18 PST"]
[Termination "GianmarcoVaR won by resignation"]

1. c4 Nf6 2. Nc3 e5 3. Nf3 Nc6 4. a3 h6 5. e4 d6 6. d4 Bg4 7. d5 Nd4 8. Be3 g6 9. Bxd4 exd4 10. Qxd4 Bg7 11. Be2 O-O 12. Qd3 Re8 13. O-O Nd7 14. Nd2 Nc5 15. Qc2 Bxc3 16. Bxg4 Bxd2 17. Qxd2 h5 18. Bf3 Nxe4 19. Bxe4 Rxe4 20. Rac1 Qe7 21. Rfe1 Re8 22. Kf1 Qe5 23. f3 Qf6 24. b4 Rxe1+ 25.
Rxe1 Rxe1+ 26. Qxe1 Qd4 27. Qc1 b6 28. Ke2 Qe5+ 29.
Qe3 Qxh2 30. Kf1 Qh1+ 31. Kf2 Qh4+ 32. Kg1 Qxc4 0-1

[Event "Late-Titled-Tuesday-Blitz-February-13-2024"]
[Site "Chess.com"]
[Date "2024.02.13"]
[Round "8"]
[White "dennisodessa"]
[Black "DonJuan_34"]
[Result "1-0"]
[WhiteElo "2578"]
[BlackElo "2490"]
[TimeControl "180+1"]
[EndTime "15:27:20 PST"]
[Termination "dennisodessa won by resignation"]

1. c4 Nf6 2. d4 g6 3. Nc3 Bg7 4.
e4 O-O 5. f3 d6 6. Be3 c5 7. dxc5 dxc5 8. Qxd8 Rxd8 9. Bxc5 Nc6 10. Nge2 Nd7 11. Be3 Nde5 12. Nf4 Nb4 13. Rc1 Bh6 14.
Ncd5 Nxd5 15. Nxd5 Bxe3 16. Nxe3 Be6 17. Nd5 Kf8 18. Be2 Rac8 19. Kf2 Bd7 20. Rhd1 e6 21. Nf6 Ke7 22. Nxh7 f6 23. f4 Nc6 24. e5 fxe5 25.
fxe5 Nxe5 26. Ng5 Rf8+ 27. Ke3 Bc6 28. g3 Rf5 29. h4 Nd7 30. Bd3 Re5+ 31. Kd2 Nf8 32. Rf1 Rd8 33. Rf7+ Kd6 34. Rcf1 Kc5 35. Rxf8 1-0

[Event "Late-Titled-Tuesday-Blitz-February-13-2024"]
[Site "Chess.com"]
[Date "2024.02.13"]
[Round "8"]
[White "snowlord"]
[Black "Atousa"]
[Result "1-0"]
[WhiteElo "2839"]
[BlackElo "2536"]
[TimeControl "180+1"]
[EndTime "15:27:22 PST"]
[Termination "snowlord won by resignation"]

1. d4 Nf6 2. c4 e6 3. a3 d5 4. cxd5 exd5 5. Nc3 c6 6. Bf4 Bf5 7. e3 Bd6 8. Qf3 Bxf4 9. Qxf4 Bg6 10. h4 h5 11. Nf3 O-O 12. Ne5 Nbd7 13. Nxg6 fxg6 14. Qg3 Ng4 15. Be2 Nxf2 16. O-O Ng4 17. Bxg4 hxg4 18. Qxg4 Kh7 19. Rxf8 Nxf8 20. Rf1 Qe7 21. e4 Qe6 22.
Qf3 Rd8 23. b4 Nd7 24. exd5 cxd5 25. Nxd5 Rf8 26. Nf4 Qd6 27. Qe4 Kh6 28. Qe3 Kh7 29.
Qe4 Kh6 30. Rf3 Rf5 31. h5 Nf6 32. Qe3 g5 33. Qd3 Qd7 34. Ne2 g6 35. Ng3 g4 36.
Nxf5+ gxf5 37. Rxf5 1-0

[Event "Late-Titled-Tuesday-Blitz-February-13-2024"]
[Site "Chess.com"]
[Date "2024.02.13"]
[Round "8"]
[White "Kostya26"]
[Black "traviscottofficial"]
[Result "0-1"]
[WhiteElo "2474"]
[BlackElo "2685"]
[TimeControl "180+1"]
[EndTime "15:27:24 PST"]
[Termination "traviscottofficial won by resignation"]

1. e4 b6 2. d4 Bb7 3. Nc3 g6 4. Bd3 Bg7 5. Nge2 e6 6. Be3 Ne7 7. f4 d5 8. e5 Nd7 9. Ng3 a6 10. Nce2 c5 11. c3 cxd4 12. Nxd4 Nc5 13. Bc2 h5 14.
O-O h4 15. Nge2 Nf5 16. Nxf5 gxf5 17. Nd4 Ne4 18. Bxe4 dxe4 19. g4 fxg4 20. Qxg4 Rg8 21. Kf2 Qe7 22. Rad1 O-O-O 23. Qh3 Kc7 24. Rg1 Bd5 25. Rg2 Bh6 26. a3 Rxg2+ 27. Qxg2 Bxf4 28. Qh3 Bxe5 29. Rg1 Qf6+ 30. Ke2 Bc4+ 31. Kd2 Qf3 32. Qxh4 Qe2+ 33. Kc1 Qxe3+ 34. Kb1 Qxg1+ 0-1

[Event "Late-Titled-Tuesday-Blitz-February-13-2024"]
[Site "Chess.com"]
[Date "2024.02.13"]
[Round "8"]
[White "ritanovikova"]
[Black "shirovin"]
[Result "1-0"]
[WhiteElo "2210"]
[BlackElo "2094"]
[TimeControl "180+1"]
[EndTime "15:27:28 PST"]
[Termination "ritanovikova won on time"]

1. e4 Nf6 2. e5 Nd5 3. d4 d6 4.
Nf3 g6 5. c4 Nb6 6. exd6 cxd6 7.
Nc3 Bg7 8. b3 O-O 9. Be2 Nc6 10.
Be3 Bg4 11. h3 Bxf3 12. Bxf3 e5 13. d5 Ne7 14. Qc2 f5 15. Be2 f4 16. Bxb6 Qxb6 17. O-O Nf5 18. Bg4 Nd4 19. Qd2 f3 20. g3 Rae8 21.
h4 e4 22. Rae1 e3 23. Rxe3 Ne2+ 24. Nxe2 Rxe3 25. Qxe3 Qxe3 26. fxe3 fxe2 27. Bxe2 Re8 28. Rf3 Bh6 29. Kf2 Kg7 30. Bd3 b6 31. e4 a5 32. g4 Kg8 33. g5 Bg7 34. Bc2 Bd4+ 35. Ke2 Kg7 36. Kd3 Bc5 37. Rf1 Re7 38. Bd1 Rf7 39.
Bf3 Rf4 40. h5 gxh5 41. Ke2 h4 42. Rh1 Bd4 43. Rh3 Be5 44. a3 Kg6 45. b4 1-0

[Event "Late-Titled-Tuesday-Blitz-February-13-2024"]
[Site "Chess.com"]
[Date "2024.02.13"]
[Round "8"]
[White "rcmz"]
[Black "PNEPaul"]
[Result "1-0"]
[WhiteElo "2158"]
[BlackElo "1892"]
[TimeControl "180+1"]
[EndTime "15:27:28 PST"]
[Termination "rcmz won by resignation"]

1. b4 d5 2. Bb2 e5 3. Bxe5 Nc6 4.
Bb2 Nxb4 5. e3 Nf6 6. Nf3 Be7 7. a3 Nc6 8. c4 O-O 9. cxd5 Nxd5 10. Be2 Bf6 11.
Bxf6 Qxf6 12. d4 Bf5 13. O-O Rad8 14. Qc1 Rfe8 15. Bb5 h6 16. Bxc6 bxc6 17. Nbd2 Bd3 18. Re1 Ne7 19. Ne5 Bf5 20. Qc5 Ng6 21. Ndf3 Be4 22.
Qxa7 Bxf3 23. Nxf3 Nh4 24. Nxh4 Qxh4 25. Qxc7 Rd5 26.
Qxc6 Red8 27. Qc7 Rh5 28. a4 Kh7 29. a5 Rdd5 30. Qg3 Qf6 31. Qg4 Rdg5 32. Qe4+ g6 33. a6 1-0

[Event "Late-Titled-Tuesday-Blitz-February-13-2024"]
[Site "Chess.com"]
[Date "2024.02.13"]
[Round "8"]
[White "Burgsvik"]
[Black "Yushko_Olga"]
[Result "1-0"]
[WhiteElo "2322"]
[BlackElo "2219"]
[TimeControl "180+1"]
[EndTime "15:27:29 PST"]
[Termination "Burgsvik won by resignation"]

1. e4 g6 2. h4 h5 3. d4 Bg7 4. Nc3 d6 5. Bg5 Nf6 6. e5 dxe5 7. Bxf6 Bxf6 8. dxe5 Qxd1+ 9. Rxd1 Bxe5 10. Nd5 c6 11. Nf3 Bd6 12. Ne3 O-O 13. Bc4 b5 14. Bb3 a5 15. c3 Na6 16. O-O Nc5 17. Bc2 Be6 18. b3 a4 19. b4 Nd7 20. a3 Nf6 21. Ng5 Bb3 22. Rd2 Rfd8 23. Bb1 Be5 24. Rxd8+ Rxd8 25. Rc1 Rd2 26. Nf3 Rd8 27. Nxe5 Rd6 28. c4 Ne8 29. c5 Re6 30. Nf3 Nf6 31. Nd4 Re5 32. Nxc6 Re6 33. Nd4 Re5 34. c6 Ne8 35. c7 Nxc7 36. Rxc7 Kg7 37.
Bd3 f5 38. Nc6 Re6 39. Rxe7+ Rxe7 40. Nxe7 Kf6 41. N7d5+ Ke5 42. f4+ Kd4 43. Bxb5 Ke4 44. Kf2 Kd4 45. Ne7 Ke4 46. Nxg6 Bf7 47. Ne7 Kxf4 48. N7xf5 Be6 49. g3+ Ke5 50. Ng7 Bf7 51. Bxa4 Kf6 52. Ngf5 1-0

[Event "Late-Titled-Tuesday-Blitz-February-13-2024"]
[Site "Chess.com"]
[Date "2024.02.13"]
[Round "8"]
[White "Cristi_Coca"]
[Black "dosto07"]
[Result "1-0"]
[WhiteElo "2387"]
[BlackElo "2508"]
[TimeControl "180+1"]
[EndTime "15:27:30 PST"]
[Termination "Cristi_Coca won on time"]

1. e4 e5 2. Nf3 Nc6 3. Bc4 Bc5 4. c3 Nf6 5. d3 d6 6. Nbd2 a6 7. Bb3 Ba7 8. h3 h6 9. Nf1 Be6 10. Bc2 Qd7 11. Ng3 O-O-O 12. Qe2 d5 13. exd5 Bxd5 14.
Be3 Bxe3 15. Qxe3 Kb8 16. b4 Bxf3 17. Qxf3 e4 18. Qf5 exd3 19. Qxd7 Rxd7 20. Bb3 Re8+ 21. Kd2 Ne4+ 22. Nxe4 Rxe4 23. Rae1 f5 24. Rxe4 fxe4 25. Re1 Re7 26. Bd5 Ne5 27. Rxe4 c6 28. Bb3 b5 29. f4 Nc4+ 30. Kxd3 Nb2+ 31. Kd4 Rd7+ 32. Ke5 Nd3+ 33. Kf5 Rd6 34. Re6 Kc7 35. Re7+ Kb6 36. Rxg7 a5 37. bxa5+ Kxa5 38. Rg6 Rd8 39. Rxc6 Rf8+ 40.
Rf6 Nxf4 41. Rxf8 1-0

[Event "Late-Titled-Tuesday-Blitz-February-13-2024"]
[Site "Chess.com"]
[Date "2024.02.13"]
[Round "8"]
[White "SergioMoralesG"]
[Black "Smiechu"]
[Result "1-0"]
[WhiteElo "2528"]
[BlackElo "2431"]
[TimeControl "180+1"]
[EndTime "15:27:39 PST"]
[Termination "SergioMoralesG won on time"]

1. d4 Nf6 2. c4 c5 3. d5 e6 4.
Nc3 exd5 5. cxd5 d6 6. e4 g6 7.
Nge2 Bg7 8. Ng3 O-O 9. Bd3 Re8 10.
O-O a6 11. a4 Nbd7 12. f4 Qc7 13. Kh1 c4 14. Bc2 Nc5 15. f5 h5 16. Bg5 Ng4 17. e5 Bxe5 18. fxg6 f6 19. Bh4 Qg7 20. Nf5 Bxf5 21.
Bxf5 Ne3 22. Qxh5 Nxf1 23. Rxf1 Nd3 24. Qg4 Re7 25. Be6+ Kf8 26. Ne4 Rae8 27. Nxf6 Bxf6 28. Bxf6 Qh6 29. Bd4+ 1-0

[Event "Late-Titled-Tuesday-Blitz-February-13-2024"]
[Site "Chess.com"]
[Date "2024.02.13"]
[Round "8"]
[White "dropstoneDP"]
[Black "TigrVShlyape"]
[Result "1-0"]
[WhiteElo "3046"]
[BlackElo "2872"]
[TimeControl "180+1"]
[EndTime "15:27:40 PST"]
[Termination "dropstoneDP won on time"]

1. e4 e5 2. Nf3 Nc6 3. Bc4 Nf6 4.
d3 h6 5. a4 g6 6. c3 Bg7 7. O-O O-O 8. Re1 d5 9. exd5 Nxd5 10. Nbd2 Nb6 11. Bb5 Nd7 12. Nc4 Re8 13. a5 a6 14. Ba4 Re6 15. Be3 b5 16. axb6 cxb6 17. d4 exd4 18. cxd4 Nb4 19. d5 Re4 20. Nd6 Re7 21. Bd4 Rxe1+ 22. Qxe1 Nxd5 23. Bxg7 Kxg7 24. Bc6 N7f6 25. Qe5 Be6 26. Ne8+ Qxe8 27. Bxe8 Rxe8 28. Qd4 a5 29. h3 Rc8 30. Re1 g5 31. Nd2 Kg6 32.
Nc4 Nd7 33. Rxe6+ fxe6 34. Qe4+ Kf6 35. Qd4+ Kg6 36. g3 Rf8 37. Qe4+ Kf6 38. Qh7 1-0

[Event "Late-Titled-Tuesday-Blitz-February-13-2024"]
[Site "Chess.com"]
[Date "2024.02.13"]
[Round "8"]
[White "Nemsko"]
[Black "DeArron_Fox"]
[Result "1-0"]
[WhiteElo "2400"]
[BlackElo "2511"]
[TimeControl "180+1"]
[EndTime "15:27:40 PST"]
[Termination "Nemsko won by resignation"]

1. e4 c5 2. Nf3 e6 3. d4 cxd4 4. Nxd4 a6 5. c4 Nf6 6. Nc3 Qc7 7. Be3 b6 8. Be2 Bb7 9. f3 Be7 10. O-O O-O 11. Rc1 d6 12. Qd2 Nbd7 13. Rfd1 Rac8 14.
a3 Qb8 15. b4 Ba8 16. Qe1 Rc7 17. Qf2 Rfc8 18. Na2 h6 19. Nb3 b5 20. c5 dxc5 21.
Nxc5 Nxc5 22. Bxc5 Bxc5 23. Rxc5 Rxc5 24. bxc5 Qa7 25. Rc1 Nd7 26. Nb4 Rxc5 27. Rxc5 Nxc5 28. Nd3 a5 29. Qxc5 Qb8 30. Nb2 b4 31. axb4 axb4 32. Bd3 b3 33. h3 g6 34. Bc4 Qg3 35. Qe3 Bc6 36. Bxb3 Kh7 37. Bc4 f5 38. exf5 exf5 39. Qe7+ 1-0

[Event "Late-Titled-Tuesday-Blitz-February-13-2024"]
[Site "Chess.com"]
[Date "2024.02.13"]
[Round "8"]
[White "KNVB"]
[Black "ahmedkandiliii"]
[Result "0-1"]
[WhiteElo "2826"]
[BlackElo "2566"]
[TimeControl "180+1"]
[EndTime "15:27:41 PST"]
[Termination "ahmedkandiliii won on time"]

1. e4 e5 2. Nf3 Nc6 3. Bc4 Nf6 4. Qe2 Be7 5. c3 O-O 6. g4 d5 7. exd5 Nxd5 8. Nxe5 Nxe5 9. Qxe5 Nf6 10. d4 Bd6 11.
Qg5 Qe8+ 12. Be3 Qc6 13. O-O Qxc4 14. Nd2 Qe6 15. h3 Nd5 16. Rae1 Nxe3 17. Rxe3 Qg6 18.
Qxg6 hxg6 19. Ne4 Bd7 20. c4 Rfe8 21. Rfe1 Bf8 22. d5 f5 23. Nc3 Rxe3 24. Rxe3 fxg4 25. hxg4 Bxg4 26. a3 Bc5 27. Rg3 Bf5 28. b4 Bd4 29. Nb5 Be5 30. Re3 Bf4 31. Re7 Kf8 32. Nxc7 Kxe7 33. Nxa8 Bd3 34. c5 Kd7 35. d6 Bc4 36. Nc7 b6 37. Kg2 bxc5 38. bxc5 Bc1 39. Kf3 Bxa3 0-1

[Event "Late-Titled-Tuesday-Blitz-February-13-2024"]
[Site "Chess.com"]
[Date "2024.02.13"]
[Round "8"]
[White "GoldenShare"]
[Black "MusicCityMaster"]
[Result "1-0"]
[WhiteElo "2558"]
[BlackElo "2460"]
[TimeControl "180+1"]
[EndTime "15:27:41 PST"]
[Termination "GoldenShare won by resignation"]

1. e4 e6 2. Nc3 d5 3. d4 Bb4 4. exd5 exd5 5. Bd3 Nc6 6. Ne2 Nge7 7. O-O Bg4 8. f3 Bf5 9. a3 Bxc3 10. bxc3 Qd7 11. Bf4 f6 12. Rb1 b6 13. c4 Bxd3 14. Qxd3 O-O 15.
Rfe1 Kh8 16. c3 Rfe8 17. Bg3 Nf5 18. Nf4 dxc4 19. Qxc4 Na5 20. Qd3 Nd6 21. d5 Nac4 22. Ne6 Nxa3 23. Ra1 Nac4 24. Re2 a5 25. Rae1 a4 26.
h4 a3 27. Ra2 b5 28. Kh2 Qf7 29. Rb1 c6 30. Nf4 cxd5 31. Nxd5 Ne5 32. Bxe5 Rxe5 33. Rd2 Nc4 34. Rdd1 a2 35. Rxb5 Nd6 36. Rb6 Nc8 37.
Ra6 Rxa6 38. Qxa6 Ne7 39. Qa8+ Ng8 40. Qxa2 Qh5 41. Rd4 Rxd5 42. Qxd5 Qxh4+ 43. Rxh4 1-0

[Event "Late-Titled-Tuesday-Blitz-February-13-2024"]
[Site "Chess.com"]
[Date "2024.02.13"]
[Round "8"]
[White "LiemLe"]
[Black "DuleMudule"]
[Result "1-0"]
[WhiteElo "3025"]
[BlackElo "2865"]
[TimeControl "180+1"]
[EndTime "15:27:43 PST"]
[Termination "LiemLe won on time"]

1. Nf3 d5 2. e3 Nc6 3. d4 Bf5 4. Bb5 e6 5. O-O Ne7 6. Nh4 Bg6 7. Nd2 a6 8. Nxg6 hxg6 9. Be2 Nf5 10. g3 e5 11.
dxe5 Nxe5 12. Nf3 Qd6 13. b3 Be7 14. c4 Bf6 15. Rb1 dxc4 16. bxc4 O-O-O 17. Nxe5 Bxe5 18. Bf3 c6 19. Qb3 Qc7 20. c5 Rd7 21. Bb2 Bxb2 22. Rxb2 Rhd8 23. Rfb1 Ne7 24. Qxf7 Nd5 25. Qxg6 Nc3 26.
Rxb7 1-0

[Event "Late-Titled-Tuesday-Blitz-February-13-2024"]
[Site "Chess.com"]
[Date "2024.02.13"]
[Round "8"]
[White "Practical-Play"]
[Black "jcmesafischer"]
[Result "0-1"]
[WhiteElo "2569"]
[BlackElo "2396"]
[TimeControl "180+1"]
[EndTime "15:27:47 PST"]
[Termination "jcmesafischer won by resignation"]

1. d4 Nf6 2. Nc3 d5 3. Bf4 c5 4. e4 e6 5. Nb5 Na6 6. e5 Nd7 7. Qg4 cxd4 8. Nd6+ Bxd6 9. Qxg7 Bb4+ 10. c3 Rf8 11. cxb4 Nxb4 12. Bb5 Qa5 13. Bxd7+ Bxd7 14. Bd2 Nd3+ 15. Ke2 Qa6 16. Kf3 O-O-O 17. Qxh7 Nxe5+ 18. Kf4 Qd6 19. Qc2+ Kb8 20. g4 f5 21. g5 d3 22. Qb3 Nc4+ 23. Kf3 Nxd2+ 24. Ke3 Nxb3 25. axb3 e5 26. Nf3 f4+ 27. Kxd3 e4+ 28. Kd2 exf3 29. h4 Qb4+ 0-1

[Event "Late-Titled-Tuesday-Blitz-February-13-2024"]
[Site "Chess.com"]
[Date "2024.02.13"]
[Round "8"]
[White "Championnn-9"]
[Black "CRObliterator"]
[Result "0-1"]
[WhiteElo "2509"]
[BlackElo "2393"]
[TimeControl "180+1"]
[EndTime "15:27:48 PST"]
[Termination "CRObliterator won by resignation"]

1. e4 d5 2. exd5 Qxd5 3. Qf3 Qxf3 4. Nxf3 Nf6 5. Nc3 a6 6. Bc4 b5 7. Bb3 Bb7 8. Ne5 e6 9. O-O c5 10. d3 Nbd7 11. Nxd7 Kxd7 12. a4 b4 13. Ne2 Bd6 14. h3 Bd5 15. Bxd5 Nxd5 16. Bd2 Be5 17. c3 bxc3 18.
bxc3 Rab8 19. Rfb1 f5 20. f4 Bf6 21. Kf2 h6 22.
Kf3 g5 23. g3 gxf4 24. gxf4 Kc7 25. d4 cxd4 26. cxd4 Rxb1 27. Rxb1 Rb8 28. Ba5+ Kc8 29. Rc1+ Kd7 30. Nc3 Rb3 31. Kf2 Nxc3 32. Bxc3 Rxc3 33. Rxc3 Bxd4+ 34. Re3 e5 35. Kf3 Bxe3 36. Kxe3 e4 37. Kd4 Kc6 38. Kc4 Kb6 39. Kb4 e3 40. Kc3 Ka5 41.
Kd3 Kxa4 42. Kxe3 Kb3 43. Kd4 a5 44. Ke5 a4 45. Kxf5 a3 46. Kg6 a2 47. Kxh6 a1=Q 48.
Kg6 Qg1+ 49. Kf6 Kc4 50. f5 Kd5 51. Kf7 Ke5 52. h4 Kxf5 53. h5 Qg5 54. Kf8 Kf6 55. Ke8 Ke6 56. Kf8 Qh6+ 57. Kg8 Qxh5 58. Kg7 Qf7+ 59. Kh8 Qc7 60. Kg8 Kf6 0-1

[Event "Late-Titled-Tuesday-Blitz-February-13-2024"]
[Site "Chess.com"]
[Date "2024.02.13"]
[Round "8"]
[White "katharinareinecke"]
[Black "PushingpawnsNYC"]
[Result "0-1"]
[WhiteElo "1951"]
[BlackElo "2349"]
[TimeControl "180+1"]
[EndTime "15:27:51 PST"]
[Termination "PushingpawnsNYC won by resignation"]

1. e4 c5 2. Nf3 e6 3. g3 a6 4. Bg2 Qc7 5. O-O d6 6. c3 b5 7.
d4 Bb7 8. Re1 Be7 9. Nbd2 Nd7 10. b3 Ngf6 11. Bb2 O-O 12. Rc1 Rac8 13. c4 Qa5 14.
cxb5 axb5 15. a4 cxd4 16. Nxd4 bxa4 17. bxa4 Ne5 18. Qb3 Ba6 19. Nb5 Qxd2 20. Rcd1 Qc2 21. Qxc2 Rxc2 22. Bxe5 dxe5 23. Rd7 Bc5 24. Rf1 Ng4 25. h3 Nxf2 26. Kh2 Nxe4 27. Rfd1 Nf6 28. Rd8 Bb7 29. Rxf8+ Kxf8 30. Rd8+ Ke7 31. Rb8 Bxg2 0-1

[Event "Late-Titled-Tuesday-Blitz-February-13-2024"]
[Site "Chess.com"]
[Date "2024.02.13"]
[Round "8"]
[White "azikom"]
[Black "Mariia89"]
[Result "1/2-1/2"]
[WhiteElo "2679"]
[BlackElo "2268"]
[TimeControl "180+1"]
[EndTime "15:27:53 PST"]
[Termination "Game drawn by repetition"]

1. e4 c6 2. Nc3 d5 3. Nf3 dxe4 4.
Nxe4 Nf6 5. Ng3 h5 6. h3 h4 7.
Ne2 c5 8. Nc3 Nc6 9. Bb5 Bd7 10.
d3 a6 11. Bc4 b5 12. Bb3 Na5 13. O-O Nxb3 14. axb3 Bc6 15. Re1 e6 16. Bg5 Be7 17.
Nxh4 b4 18. Na4 Qd4 19. Nf3 Qd5 20. Nb6 Qf5 21. Nxa8 Bxa8 22. Be3 Rxh3 23. Rxa6 Bxf3 24. gxf3 Qh5 25. Kf1 Rxf3 26. Ra8+ Kd7 27. Ra7+ Ke8 28.
Ra8+ Kd7 29. Ra7+ Ke8 30. Ra8+ 1/2-1/2

[Event "Late-Titled-Tuesday-Blitz-February-13-2024"]
[Site "Chess.com"]
[Date "2024.02.13"]
[Round "8"]
[White "agvega14"]
[Black "abeljusto"]
[Result "1-0"]
[WhiteElo "2193"]
[BlackElo "2075"]
[TimeControl "180+1"]
[EndTime "15:27:54 PST"]
[Termination "agvega14 won on time"]

1. d4 d5 2. c4 e6 3. Nc3 Nf6 4. cxd5 exd5 5. Bg5 c6 6. e3 Be7 7.
Bd3 O-O 8. Qc2 Nbd7 9. Nge2 Re8 10.
O-O Ne4 11. Bxe7 Qxe7 12. Bxe4 dxe4 13. Ng3 Nf6 14. Rae1 h5 15. f3 exf3 16. gxf3 h4 17. Nge4 Nd5 18. Kh1 Bf5 19. Qg2 Rad8 20. Rg1 g6 21. a3 a5 22. Nxd5 cxd5 23. Nc3 Qd7 24. Qg5 h3 25. e4 Be6 26. e5 Bf5 27. Qh6 Re6 28. Ne2 Rb6 29. Nf4 Rxb2 30. Nh5 1-0

[Event "Late-Titled-Tuesday-Blitz-February-13-2024"]
[Site "Chess.com"]
[Date "2024.02.13"]
[Round "8"]
[White "ChessSwole"]
[Black "Kostukov_Alex"]
[Result "1-0"]
[WhiteElo "2673"]
[BlackElo "2319"]
[TimeControl "180+1"]
[EndTime "15:27:56 PST"]
[Termination "ChessSwole won by resignation"]

1. e4 c5 2. Nc3 g6 3. d4 cxd4 4.
Qxd4 Nf6 5. Nf3 Nc6 6. Qa4 d6 7.
e5 dxe5 8. Nxe5 Bg7 9. Nxc6 bxc6 10. Be2 O-O 11. O-O Qb6 12. Qa3 Bf5 13. Be3 Qc7 14.
Bf3 Ng4 15. Bxg4 Bxg4 16. Bc5 Rfe8 17. Rfe1 Bf5 18. Bxe7 Bxc2 19. Rac1 Bf5 20. Nb5 Qf4 21. g3 Qh6 22. Nc7 Rxe7 23. Qxe7 Rf8 24. Ne8 Bxb2 25. Rxc6 Qd2 26. Nf6+ Kg7 27. Ne8+ Kg8 28. Qe2 Qd7 29.
Qxb2 Rxe8 30. Rxe8+ Qxe8 31. Rc1 Qe4 32. Rd1 Qe8 33.
Qf6 Bd7 34. Qd6 Bg4 35. Qd8 Qxd8 36. Rxd8+ Kg7 37. Ra8 1-0

[Event "Late-Titled-Tuesday-Blitz-February-13-2024"]
[Site "Chess.com"]
[Date "2024.02.13"]
[Round "8"]
[White "Ducke13"]
[Black "ValeriyGrinev"]
[Result "0-1"]
[WhiteElo "2347"]
[BlackElo "2521"]
[TimeControl "180+1"]
[EndTime "15:27:56 PST"]
[Termination "ValeriyGrinev won by checkmate"]

1. d4 Nf6 2. g3 g6 3. Bg2 Bg7 4. e4 d6 5. Ne2 O-O 6. O-O c6 7.
a4 a5 8. Nbc3 Na6 9. h3 Nb4 10.
Bg5 e5 11. f4 h6 12. Bh4 exd4 13.
Nxd4 Qb6 14. Kh1 Nh7 15. Nf3 Re8 16. Qxd6 Nxc2 17. Nd5 Qxb2 18. Rab1 Qa3 19. Qxa3 Nxa3 20. Nc7 Nxb1 21. Nxe8 Nc3 22. Nc7 Rb8 23. e5 Bf5 24.
g4 Be4 25. Be1 Nd5 26. Nxd5 Bxd5 27. Bxa5 Ra8 28. Bc7 Rxa4 29. Rb1 Rxf4 30. e6 Rxf3 31. Bxf3 Bxf3+ 32. Kh2 fxe6 33. Rxb7 Ng5 34. Kg3 Bd5 35. Bf4 Ne4+ 36. Kh2 g5 37. Rb8+ Kh7 38. Bc7 c5 39.
Rb7 Bxb7 40. Bb6 c4 41. Kg2 c3 42. Be3 Nd2+ 43. Kh2 Bd4 44. h4 Bxe3 45. h5 c2 46. Kg3 c1=Q 47. Kh3 Qh1+ 48. Kg3 Qg2# 0-1

[Event "Late-Titled-Tuesday-Blitz-February-13-2024"]
[Site "Chess.com"]
[Date "2024.02.13"]
[Round "8"]
[White "ErikRonka"]
[Black "KarolKacprzak"]
[Result "0-1"]
[WhiteElo "2570"]
[BlackElo "2740"]
[TimeControl "180+1"]
[EndTime "15:27:57 PST"]
[Termination "KarolKacprzak won by resignation"]

1. e4 c5 2. Nf3 d6 3. d4 cxd4 4. Nxd4 Nf6 5. Nc3 a6 6. Be3 e6 7.
f3 b5 8. Qd2 Bb7 9. g4 Nfd7 10.
O-O-O Nb6 11. Nb3 N8d7 12. Na5 Qc7 13. h4 Rc8 14. Bxb5 axb5 15. Nxb5 Qb8 16. Nxd6+ Bxd6 17. Qxd6 Qxd6 18. Rxd6 Nc4 19. Nxc4 Rxc4 20. b3 Rc6 21. Rxc6 Bxc6 22. Bd4 f6 23. Kd2 Ke7 24. c4 Rb8 25.
Kc3 h5 26. g5 fxg5 27. hxg5 e5 28. Be3 g6 29. a4 Rf8 30. Rh3 Kd6 31. a5 Nc5 32.
Bxc5+ Kxc5 33. b4+ Kd6 34. b5 Bd7 35. Kb4 Bxh3 36.
c5+ Kc7 37. a6 Bc8 38. Ka5 Rxf3 0-1

[Event "Late-Titled-Tuesday-Blitz-February-13-2024"]
[Site "Chess.com"]
[Date "2024.02.13"]
[Round "8"]
[White "Misterfox120"]
[Black "Rinqed222"]
[Result "1-0"]
[WhiteElo "2402"]
[BlackElo "2256"]
[TimeControl "180+1"]
[EndTime "15:27:57 PST"]
[Termination "Misterfox120 won by resignation"]

1. d4 Nf6 2. Bf4 g6 3. Nc3 d5 4. e3 Bg7 5. Nb5 Na6 6. Nc3 O-O 7. Bxa6 bxa6 8. Be5 Rb8 9. b3 a5 10. Nge2 Ba6 11.
O-O Ne8 12. Bxg7 Kxg7 13. Na4 Nd6 14. Nc5 Bc8 15. Nf4 Ne4 16. Nfd3 Qd6 17. Nxe4 dxe4 18. Nc5 f5 19. Qd2 e5 20. Qxa5 exd4 21. Rad1 Qb6 22.
Qa3 dxe3 23. fxe3 f4 24. Rxf4 Rxf4 25. exf4 Bg4 26. Re1 Rd8 27. h3 Rd1 28. Rxd1 Bxd1 29. Qb2+ Kf7 30. Qd4 Bxc2 31. Qc4+ Ke7 32. Qxc2 Kd6 33. b4 Qxb4 34. Nxe4+ Kd7 35. Qd3+ Ke6 36. Ng5+ Ke7 37. Qe4+ Qxe4 38. Nxe4 Ke6 39. Kf2 Kd5 40. Nf6+ Kc4 41. Nxh7 Kc3 42. g4 Kb2 43. f5 Kxa2 44. f6 c6 45. f7 1-0

[Event "Late-Titled-Tuesday-Blitz-February-13-2024"]
[Site "Chess.com"]
[Date "2024.02.13"]
[Round "8"]
[White "ural58"]
[Black "Zampronha1971"]
[Result "1-0"]
[WhiteElo "2513"]
[BlackElo "2353"]
[TimeControl "180+1"]
[EndTime "15:27:59 PST"]
[Termination "ural58 won by checkmate"]

1. e4 c5 2. b3 d5 3. exd5 Qxd5 4. Nc3 Qd8 5. Nf3 Nc6 6. Bb5 Bd7 7. O-O e6 8. Re1 Nf6 9. Ng5 Be7 10. Qf3 O-O 11.
Qh3 Nd4 12. Bd3 h6 13. Nge4 Nxe4 14. Bxe4 e5 15. Qd3 Bc6 16. Bxc6 Nxc6 17. Nd5 Nb4 18.
Nxb4 cxb4 19. Qxd8 Rfxd8 20. d3 f6 21. a3 Rdc8 22.
Re2 Rc6 23. axb4 Bxb4 24. Kf1 a6 25. Ba3 Bc3 26. Ra2 Rac8 27. Bc1 Kf7 28. Bd2 Bd4 29. c4 b5 30. Be3 bxc4 31. dxc4 Bxe3 32. Rxe3 Rb8 33. Ke2 Rd8 34. Rd3 Rxd3 35. Kxd3 Ke6 36. b4 f5 37. c5 Kd5 38. Kc3 Ke4 39. Re2+ Kf4 40. Kc4 e4 41. Kd5 Rc8 42. Re3 g5 43. h3 Rb8 44. g3# 1-0

[Event "Late-Titled-Tuesday-Blitz-February-13-2024"]
[Site "Chess.com"]
[Date "2024.02.13"]
[Round "8"]
[White "cukricek"]
[Black "Lucas_Tomiello"]
[Result "1-0"]
[WhiteElo "2467"]
[BlackElo "2657"]
[TimeControl "180+1"]
[EndTime "15:28:00 PST"]
[Termination "cukricek won by resignation"]

1. g3 d5 2. Nf3 Nf6 3. Bg2 c5 4. O-O e6 5. d4 c4 6. b3 cxb3 7. axb3 Nc6 8. c4 Be7 9. Nc3 O-O 10. Bg5 h6 11. Bxf6 Bxf6 12. e3 dxc4 13. bxc4 e5 14. d5 Na5 15. c5 e4 16. Nd4 Bxd4 17. exd4 f5 18. Qa4 b6 19. c6 Ba6 20. Rfc1 Bc4 21. Bf1 Bb3 22. Qb4 Bxd5 23. c7 Qd7 24. Nxd5 Qxd5 25.
Ba6 Kh7 26. c8=Q Raxc8 27. Rxc8 Rxc8 28. Bxc8 Nc6 29. Qf8 Nxd4 30. Rxa7 Ne2+ 31. Kg2 e3+ 32. f3 Qe5 33. Bxf5+ 1-0